 Dungeon Crawl Stone Soup version 0.26-a0-812-g31a745ddcd (webtiles) character file.

Game seed: 3307138516839475364

44114 MalarOregon the Blocker (level 13, -18/107 HPs)
             Began as a Pale Draconian Artificer on Nov 18, 2020.
             Was a High Priest of Makhleb.
             Demolished by a dire elephant (29 damage)
             ... on level 6 of the Lair of Beasts.
             The game lasted 01:02:17 (22849 turns).

MalarOregon the Blocker (Pale Draconian Artificer) Turns: 22849, Time: 01:02:18

Health: -18/107    AC: 14    Str: 20    XL:     13   Next: 94%
Magic:  16/16      EV: 19    Int: 14    God:    Makhleb [*****.]
Gold:   1231       SH: 19    Dex: 25    Spells: 4/12 levels left

rFire    . . .     SeeInvis .   e - +12 spear of the Sixty-Six Thickets {pain, rElec rF- rC+ Dex+6}
rCold    + + .     Faith    .   k - +4 kite shield
rNeg     . . .     Spirit   .   (armour unavailable)
rPois    .         Reflect  .   G - +2 hat
rElec    +         Harm     .   m - +2 cloak
rCorr    .         Rampage  .   (no gloves)
MR       .....                  l - +0 pair of boots
Stlth    ++++......             A - amulet of the Past {rF+ Regen+ Dex+4}
HPRegen  0.67/turn              Z - +6 ring of strength
MPRegen  0.15/turn              o - ring of protection from cold

@: no status effects
A: breathe steam, unfitting armour, cold-blooded, AC +8
a: Breathe Steam, Minor Destruction, Lesser Servant of Makhleb, Major
Destruction, Greater Servant of Makhleb, Renounce Religion


You were on level 6 of the Lair of Beasts.
You worshipped Makhleb.
Makhleb was extremely pleased with you.
You visited 3 branches of the dungeon, and saw 17 of its levels.
You also visited: Volcano.

You collected 1231 gold pieces.

Inventory:

Hand Weapons
 e - the +12 spear of the Sixty-Six Thickets (weapon) {pain, rElec rF- rC+ Dex+6}
   (You found it on level 7 of the Dungeon)

   In the hands of one skilled in necromantic magic, it inflicts extra damage on
   living creatures.
   It affects your dexterity (+6).
   It makes you vulnerable to fire.
   It protects you from cold.
   It insulates you from electricity.
 f - a +2 whip of venom
   (You took it off an orc on level 7 of the Dungeon)
 N - a +0 hand crossbow
   (You found it on level 4 of the Lair of Beasts)
 Y - a +1 broad axe of flaming
   (You found it in a volcano)
Missiles
 h - 97 sling bullets
 q - 41 poisoned darts (quivered)
 r - 517 stones
 D - 165 bolts
 E - 14 boomerangs
 J - 4 throwing nets {!f}
Armour
 k - a +4 kite shield (worn)
   (You found it on level 3 of the Dungeon)
 l - a +0 pair of boots (worn)
   (You found it on level 6 of the Lair of Beasts)
 m - a +2 cloak (worn)
   (You found it on level 4 of the Dungeon)
 G - a +2 hat (worn)
   (You found it on level 7 of the Dungeon)
 U - a scarf of invisibility
   (You found it on level 3 of the Lair of Beasts)
Jewellery
 i - an uncursed ring of protection from fire
   (You found it on level 1 of the Lair of Beasts)
 o - a ring of protection from cold (right hand)
   (You took it off a centaur on level 9 of the Dungeon)
 A - the amulet of the Past (around neck) {rF+ Regen+ Dex+4}
   (You found it on level 8 of the Dungeon)

   [amulet of regeneration]

   It affects your dexterity (+4).
   It protects you from fire.
   It increases your rate of regeneration.
 O - an uncursed ring of ice
   (You found it on level 10 of the Dungeon)
 Q - an uncursed ring of fire
   (You found it on level 1 of the Lair of Beasts)
 S - an uncursed ring of flight
   (You found it on level 6 of the Lair of Beasts)
 Z - a +6 ring of strength (left hand)
   (You found it on level 2 of the Dungeon)
Wands
 a - a wand of random effects (12)
 c - a wand of enslavement (21)
 d - a wand of iceblast (10)
   (You found it on level 5 of the Lair of Beasts)
 t - a wand of flame (67)
   (You found it on level 6 of the Dungeon)
 u - a wand of paralysis (11)
   (You found it on level 4 of the Lair of Beasts)
 v - a wand of digging (10)
   (You took it off an orc wizard on level 8 of the Dungeon)
 x - a wand of acid (9)
   (You found it on level 6 of the Dungeon)
Scrolls
 n - 9 scrolls of remove curse {@r2}
 p - 5 scrolls of teleportation {@r4}
 y - 4 scrolls of blinking
 H - 3 scrolls of enchant weapon
 I - 2 scrolls of amnesia
 K - a scroll of fog
 R - a scroll of magic mapping
 V - a scroll of silence
Potions
 b - 3 potions of flight
 g - 2 potions of lignification {!q}
 j - a potion of ambrosia
 s - a potion of mutation {!q}
 w - 2 potions of heal wounds {@q2}
 z - 3 potions of attraction {!q}
 B - a potion of might
 C - 5 potions of curing {@q1}
 F - a potion of brilliance
 M - 2 potions of invisibility
 P - 2 potions of magic
 T - 3 potions of cancellation
 W - a potion of resistance
 X - a potion of berserk rage


   Skills:
 - Level 8.0 Fighting
 - Level 5.0 Maces & Flails
 - Level 3.0 Polearms
 - Level 6.0 Throwing
 - Level 7.0 Dodging
 - Level 7.0 Stealth
 + Level 14.9 Shields
 + Level 7.2 Necromancy
 - Level 4.0 Air Magic
 - Level 5.0 Invocations
 - Level 8.0 Evocations


You had 4 spell levels left.
You knew the following spells:

 Your Spells              Type           Power        Failure   Level
g - Silence               Hex/Air        #.........   98%         5
q - Vampiric Draining     Necr           ###.......   4%          3

Your spell library contained the following spells:

 Spells                   Type           Power        Failure   Level
 Animate Skeleton         Necr           ###...       1%          1
 Pain                     Necr           ###.         1%          1
 Animate Dead             Necr           ###.......   14%         4
 Apportation              Tloc           #.....       28%         1
 Beastly Appendage        Tmut           #.....       28%         1
 Corona                   Hex            #......      28%         1
 Sandblast                Erth           #.....       28%         1
 Summon Small Mammal      Summ           #...         28%         1
 Passwall                 Tmut/Erth      #.......     41%         2
 Wereblood                Tmut           #.......     41%         2
 Ignite Poison            Fire/Tmut/Pois #.......     65%         3
 Spider Form              Tmut/Pois      #.........   65%         3
 Stone Arrow              Conj/Erth      #.....       65%         3
 Cause Fear               Hex            #.........   96%         4
 Ice Form                 Ice/Tmut       #.......     96%         4
 Petrify                  Tmut/Erth      #.......     96%         4
 Agony                    Necr           ###.....     38%         5
 Blade Hands              Tmut           #.........   100%        5
 Bolt of Magma            Conj/Fire/Erth #.........   100%        5
 Fireball                 Conj/Fire      #.........   100%        5
 Iskenderun's Battlesphe  Conj           #.......     100%        5
 Lee's Rapid Deconstruct  Erth           #.........   100%        5
 Yara's Violent Unravell  Hex/Tmut       #.........   100%        5
 Iron Shot                Conj/Erth      #.........   100%        6
 Starburst                Conj/Fire      #.........   100%        6
 Orb of Destruction       Conj           #.........   100%        7
 Spellforged Servitor     Conj/Summ      #.........   100%        7
 Discord                  Hex            #.........   100%        8
 Ignition                 Fire           #.........   100%        8


Dungeon Overview and Level Annotations

Branches:
Dungeon (10/15)            Temple (1/1) D:7            Lair (6/6) D:8
  Swamp (0/4) Lair:2       Spider (0/4) Lair:2        Slime (0/5) Lair:5
Volcano (visited)
    Orc: D:9-12

Altars:
Ashenzari
Cheibriados
Dithmenos
Elyvilon
Fedhas
Gozag
Hepliaklqana
Kikubaaqudgha
Makhleb
Nemelex Xobeh
Okawaru
Qazlal
Ru
Sif Muna
Trog
Uskayaw
Vehumet
Wu Jian
Xom
Yredelemnul
Zin
The Shining One
Jiyva

Annotations:
D:3 1 runed translucent door, Crazy Yiuf
Lair:3 2 transporters, Abbuteuv's ghost, journeyman DsCj


Innate Abilities, Weirdness & Mutations

You can breathe blasts of scalding, opaque steam.
Your pale cyan-grey scales are hard. (AC +8)
You cannot fit into any form of body armour.
You are cold-blooded and may be slowed by cold attacks.


Message History

The dire elephant tramples you!!
You hold your ground!
You block the dire elephant's attack.
You hit the dire elephant. You tail-slap the dire elephant.
You block the dire elephant's attack.
The dire elephant trunk-slaps you but does no damage.
You puncture the dire elephant!
The dire elephant writhes in agony.
You block the dire elephant's attack. x2
You puncture the dire elephant!
The dire elephant writhes in agony.
You block the dire elephant's attack. The dire elephant barely misses you.
You puncture the dire elephant!
The dire elephant writhes in agony.
You block the dire elephant's attack. The dire elephant trunk-slaps you!
You hit the dire elephant.
The dire elephant writhes in agony.
You tail-slap the dire elephant.
You block the dire elephant's attack. x2
You hit the dire elephant but do no damage.
The dire elephant writhes in agony.
The dire elephant tramples you!!
You hold your ground!
The dire elephant trunk-slaps you!
* * * LOW HITPOINT WARNING * * *
You hit the dire elephant but do no damage.
The dire elephant writhes in agony.
You block the dire elephant's attack. x2
You hit the dire elephant.
You block the dire elephant's attack. x2
You hit the dire elephant. The dire elephant tramples you!
* * * LOW HITPOINT WARNING * * *
You hold your ground!
You block the dire elephant's attack.
You hit the dire elephant but do no damage.
The dire elephant writhes in agony.
You tail-slap the dire elephant.
You block the dire elephant's attack. x2
You hit the dire elephant but do no damage.
The dire elephant writhes in agony.
Your tail-slap misses the dire elephant.
You block the dire elephant's attack. The dire elephant barely misses you.
You hit the dire elephant but do no damage.
The dire elephant writhes in agony!
The dire elephant tramples you!!
* * * LOW HITPOINT WARNING * * *
You hold your ground!
You block the dire elephant's attack.
You hit the dire elephant but do no damage.
You block the dire elephant's attack.
The dire elephant trunk-slaps you but does no damage.
You hit the dire elephant but do no damage.
The dire elephant writhes in agony.
You block the dire elephant's attack. The dire elephant trunk-slaps you.
* * * LOW HITPOINT WARNING * * *
You hit the dire elephant but do no damage.
You tail-slap the dire elephant. You hit the dire elephant.
The dire elephant writhes in agony.
You tail-slap the dire elephant. The dire elephant tramples you.
* * * LOW HITPOINT WARNING * * *
You hold your ground!
The dire elephant trunk-slaps you.
* * * LOW HITPOINT WARNING * * *
The dire elephant tramples you!!
You die...

######...........##
###..##...Y......÷.P##
#..P....#######......##
##....###.....###...YY#
#P..........÷..###§♣Y##
##........#..8
..###§.## #.#......#..
..8 ##..# #.##...##.#
..÷. #.P.
#..##.@Y.##.8..8 ##..
#...#....#.8÷... #..
#...##.8.......( #..
#.P..#...8.÷8.($ ##..
##...###.....$)# #...
#....P#####)### ##P..
##P.....P.########....
##...÷.......##..P...
###.........††......


You could see a dire elephant.

Vanquished Creatures
  A boulder beetle (Lair:4)
  A catoblepas (Lair:6)
  2 two-headed ogres
  5 hydras
  6 death yaks
  A deep troll shaman (Lair:6)
  Nergalle (D:10)
  An unseen horror (D:9)
  2 oklob plants (Lair:5)
  A salamander (Volcano)
  10 elephants
  2 black mambas
  14 cane toads
  7 rime drakes
  2 komodo dragons
  A polar bear (Lair:6)
  A troll (D:10)
  Grinder (D:3)
  30 blink frogs
  2 spriggans (Lair:4)
  29 yaks
  2 humans (D:8)
  A wyvern (Lair:5)
  2 fire bats (Volcano)
  3 basilisks
  2 hell hounds (Volcano)
  14 water moccasins
  An ice beast (D:5)
  3 orc warriors
  A sky beast (D:9)
  6 black bears
  A phantom (D:10)
  24 wolves
  2 ogres
  A necrophage (D:6)
  5 centaurs
  2 big kobolds
  16 bullfrogs
  8 scorpions
  9 electric eels
  9 wights
  3 howler monkeys (D:10)
  A quasit (D:6)
  12 hounds
  3 jellies
  4 orc priests
  A centaur skeleton (D:10)
  A bullfrog skeleton (D:7)
  5 worker ants
  5 iguanas
  8 orc wizards
  5 hell rats (Lair:3)
  A hound skeleton (D:4)
  A worker ant zombie (D:8)
  A howler monkey skeleton (D:10)
  7 gnolls
  9 adders
  2 shadow imps
  2 white imps
  4 ufetubi
  An ooze (D:3)
  3 adder zombies
  2 adder skeletons
  A worm (Lair:2)
  A dart slug (D:1)
  4 leopard geckos
  28 orcs
  A ball python (D:2)
  10 giant cockroaches
  5 hobgoblins
  7 jackals
  18 kobolds
  2 quokkas
  11 bats
  A frilled lizard (D:2)
  4 goblins
  7 rats
413 creatures vanquished.

Vanquished Creatures (collateral kills)
  A blink frog (Lair:1)
1 creature vanquished.

Vanquished Creatures (others)
  A two-headed ogre (Volcano)
  3 centaurs (Volcano)
  A bush (Lair:3)
  70 fungi
  111 plants
  A withered plant (D:9)
187 creatures vanquished.

Grand Total: 601 creatures vanquished

Notes
Turn   | Place    | Note
-------+----------+-------------------------------------------
     0 | D:1      | MalarOregon the Draconian Artificer began the quest for the
                  | Orb.
     0 | D:1      | Reached XP level 1. HP: 16/16 MP: 1/1
    27 | D:1      | Reached skill level 1 in Stealth
   224 | D:1      | Reached XP level 2. HP: 19/23 MP: 2/2
  1284 | D:2      | Reached XP level 3. HP: 22/29 MP: 3/3
  2408 | D:3      | Reached XP level 4. HP: 35/36 MP: 4/4
  2631 | D:3      | Found a runed translucent door.
  2632 | D:3      | Noticed Crazy Yiuf
  2709 | D:3      | Found an ancient bone altar of Kikubaaqudgha.
  2709 | D:3      | Noticed Grinder
  2718 | D:3      | Killed Grinder
  2718 | D:3      | Reached skill level 1 in Throwing
  2718 | D:3      | Reached XP level 5. HP: 42/45 MP: 5/5
  2718 | D:3      | Reached XP level 6. HP: 47/51 MP: 6/6
  4354 | D:4      | Reached skill level 1 in Shields
  4354 | D:4      | Your scales start taking on a pale cyan-grey colour.
  4354 | D:4      | Reached XP level 7. HP: 48/57 MP: 7/7
  4796 | D:5      | Entered Level 5 of the Dungeon
  4836 | D:5      | Found a shimmering altar of Xom.
  4838 | D:5      | Found a glowing silver altar of Zin.
  4838 | D:5      | Found a stormy altar of Qazlal.
  4840 | D:5      | Found a glowing silver altar of Zin.
  4840 | D:5      | Found a shadowy altar of Dithmenos.
  4840 | D:5      | Found a shimmering altar of Xom.
  5027 | D:5      | Reached skill level 1 in Maces & Flails
  5027 | D:5      | Reached skill level 5 in Evocations
  5497 | D:6      | Found a blossoming altar of Fedhas.
  5497 | D:6      | Found an ornate altar of the Wu Jian Council.
  5620 | D:6      | Found a stormy altar of Qazlal.
  5732 | D:5      | Reached skill level 2 in Shields
  5965 | D:5      | Reached XP level 8. HP: 59/66 MP: 8/8
  6051 | D:6      | Found a sacrificial altar of Ru.
  6438 | D:6      | Reached skill level 3 in Shields
  6891 | D:7      | Reached skill level 5 in Fighting
  6957 | D:7      | Found a staircase to the Ecumenical Temple.
  6972 | Temple   | Entered the Ecumenical Temple
  7386 | D:7      | Found a hazy altar of Hepliaklqana.
  7386 | D:7      | Found a burning altar of Makhleb.
  7393 | D:7      | Became a worshipper of Makhleb the Destroyer
  7986 | D:7      | Got a jewelled spear
  8130 | D:8      | Reached XP level 9. HP: 60/74 MP: 9/9
  8202 | D:8      | Noticed a komodo dragon
  8230 | D:8      | Reached skill level 1 in Invocations
  8230 | D:8      | Killed a komodo dragon
  8432 | D:8      | Reached skill level 5 in Dodging
  8710 | D:8      | Reached skill level 5 in Stealth
  8759 | D:8      | Reached skill level 4 in Shields
  8775 | D:8      | Found an iron altar of Okawaru.
  8805 | D:8      | Reached * piety under Makhleb
  8808 | D:8      | Got a glittering ruby amulet
  9176 | D:8      | Found a staircase to the Lair.
  9535 | D:8      | Found a sparkling altar of Nemelex Xobeh.
  9587 | D:8      | Identified the +12 spear of the Sixty-Six Thickets {pain,
                  | rElec rF- rC+ Dex+6} (You found it on level 7 of the
                  | Dungeon)
  9659 | D:9      | Reached XP level 10. HP: 67/83 MP: 12/12
  9760 | D:9      | Found a basalt altar of Yredelemnul.
  9776 | D:9      | Learned a level 3 spell: Vampiric Draining
  9800 | D:9      | Reached ** piety under Makhleb
 10010 | D:9      | Killed an unseen horror
 10010 | D:9      | Reached skill level 1 in Polearms
 10010 | D:9      | Reached skill level 1 in Necromancy
 10323 | D:9      | Reached skill level 5 in Throwing
 10370 | D:9      | Reached skill level 5 in Shields
 10491 | D:9      | Found a sacrificial altar of Ru.
 10526 | D:9      | Noticed a two-headed ogre
 10594 | D:9      | Killed a two-headed ogre
 10651 | D:9      | Found a white marble altar of Elyvilon.
 10878 | D:9      | Reached *** piety under Makhleb
 11000 | D:10     | Entered Level 10 of the Dungeon
 11525 | D:10     | Noticed Nergalle
 11562 | D:10     | Killed Nergalle
 11562 | D:10     | Reached XP level 11. HP: 58/92 MP: 14/14
 11975 | Lair:1   | Entered Level 1 of the Lair of Beasts
 12235 | Lair:1   | HP: 3/92 [blink frog (10)]
 12732 | Lair:1   | Reached **** piety under Makhleb
 12783 | Lair:1   | Reached skill level 5 in Invocations
 12811 | Lair:1   | Reached skill level 6 in Shields
 13039 | Lair:1   | Identified the amulet of the Past {rF+ Regen+ Dex+4} (You
                  | found it on level 8 of the Dungeon)
 13317 | Lair:1   | Reached skill level 5 in Maces & Flails
 13953 | Lair:2   | Noticed a four-headed hydra
 13972 | Lair:2   | Killed a four-headed hydra
 14117 | Lair:2   | Reached skill level 7 in Shields
 14167 | Lair:2   | Found a staircase to the Swamp.
 14255 | Lair:2   | Found a hole to the Spider Nest.
 14428 | Lair:2   | Reached skill level 8 in Shields
 14582 | Lair:2   | Found a hole to the Spider Nest.
 14719 | Lair:2   | Reached XP level 12. HP: 101/101 MP: 15/15
 14774 | Lair:2   | Reached skill level 9 in Shields
 14883 | Lair:2   | Found a staircase to the Swamp.
 15068 | Lair:3   | Noticed a four-headed hydra
 15069 | Lair:3   | Noticed a seven-headed hydra
 15075 | Lair:3   | Noticed Abbuteuv's ghost (journeyman DsCj)
 15077 | Lair:3   | Found a transporter.
 15462 | Lair:2   | Reached skill level 10 in Shields
 15799 | Lair:3   | Reached skill level 11 in Shields
 15979 | Lair:3   | Found a transporter.
 16061 | Lair:3   | Noticed a death yak
 16061 | Lair:3   | Noticed a death yak
 16063 | Lair:3   | Noticed a death yak
 16063 | Lair:3   | Noticed a death yak
 16386 | Lair:2   | Killed a death yak
 16640 | Lair:3   | Noticed a death yak
 16702 | Lair:3   | Killed a death yak
 16785 | Lair:3   | Killed a death yak
 16785 | Lair:3   | Reached skill level 12 in Shields
 16833 | Lair:3   | Killed a death yak
 16891 | Lair:3   | Killed a death yak
 17143 | Lair:3   | Found a transporter.
 17179 | Lair:3   | Found a transporter.
 17697 | Lair:4   | Found a dark tunnel.
 17721 | Volcano  | Entered a volcano
 17774 | Volcano  | Noticed a two-headed ogre
 17782 | Volcano  | Reached skill level 13 in Shields
 17787 | Volcano  | Killed a two-headed ogre
 17862 | Volcano  | Noticed a two-headed ogre
 17877 | Volcano  | Killed a two-headed ogre
 18480 | Lair:4   | Noticed a boulder beetle
 18495 | Lair:4   | Killed a boulder beetle
 18495 | Lair:4   | Reached XP level 13. HP: 107/107 MP: 16/16
 19421 | Lair:4   | Reached ***** piety under Makhleb
 19660 | Lair:5   | Found a staircase to the Slime Pits.
 19661 | Lair:5   | Found a viscous altar of Jiyva.
 19807 | Lair:5   | Learned a level 5 spell: Silence
 20062 | Lair:5   | Reached skill level 14 in Shields
 20062 | Lair:5   | Reached skill level 1 in Air Magic
 20687 | Lair:6   | Entered Level 6 of the Lair of Beasts
 20994 | Lair:6   | Reached skill level 5 in Necromancy
 21512 | Lair:5   | Found a staircase to the Slime Pits.
 21513 | Lair:5   | Found a viscous altar of Jiyva.
 22804 | Lair:6   | Noticed a dire elephant
 22849 | Lair:6   | Demolished by a dire elephant

Illustrated notes

Levels and vault maps discovered:
D:1:      tarquinn_simple_flora_water_e, layout_rooms
D:2:      layout_rooms
D:3:      layout_loops_ring, marbit_many_paths, hangedman_feature_mirror,
          uniq_grinder, uniq_crazy_yiuf_cottage
D:4:      layout_cave_pods, serial_column_ruins, column_ruins_square_small,
          column_ruins_grid_1, column_ruins_open_tiny,
          column_ruins_columns_straight, column_ruins_open_small,
          column_ruins_open_tiny
D:5:      layout_basic, doesnt_xom_only_xom
D:6:      layout_cave_pools, nicolae_qazlal_general_emergency,
          chequers_temple_overflow_statue_of_worship, nicolae_ru_awakened_eye
D:7:      layout_basic, amethyst_overflow_temple_binary,
          minmay_temple_entry_large_hall
D:8:      layout_rooms, okawaru_humans, due_lair_maze_entry_diamond,
          nemelex_diamond_rough_becter
D:9:      lemuel_ice_spiral_2, layout_basic, elyvilon_altar_3,
          yredelemnul_altar_generic, lemuel_round_altar, dk_noncrumbling_4
D:10:     layout_irregular_city, uniq_nergalle
Temple:   minmay_temple_curvy_loop
Lair:1:   layout_regular_city, grunt_forest_small_clearings, patterned_corridor,
          lemuel_fruit_tree
Lair:2:   layout_concentric_octagons, minmay_swamp_entry_eels,
          nicolae_spider_entry_non_spiders
Lair:3:   layout_small_grid, gammafunk_ghost_arena, grunt_forest_stairs_basic,
          serial_bayou_crossing
Lair:4:   wad_woods_tower, layout_small_grid, enter_volcano_4
Lair:5:   dpeg_oklob_gauntlet, layout_cave_pods, slime_altar_1,
          serial_bayou_shore_b, infiniplex_staircase_pool
Lair:6:   grunt_lair_end_beastmaster, layout_cave_pods, special_room
          [special_room_bee], infiniplex_staircase_pool_2

Skill      XL: |  1  2  3  4  5  6  7  8  9 10 11 12 13 |
---------------+----------------------------------------+-----
Stealth        | 1 2 3 4 5 6 7 |  7.0
Fighting       | 2 3 4 5 6 7 8 |  8.0
Throwing       | 1 2 3 4 5 6 |  6.0
Dodging        | 3 4 5 6 7 |  7.0
Evocations     | 4 5 6 7 8 |  8.0
Shields        | 1 2 3 4 5 8 13 14 | 14.9
Maces & Flails | 2 3 4 5 |  5.0
Invocations    | 3 4 5 |  5.0
Polearms       | 2 3 |  3.0
Necromancy     | 2 3 7 |  7.2
Air Magic      | 4 |  4.0

Action                   |  1- 3 |  4- 6 |  7- 9 | 10-12 | 13-15 || total
-------------------------+-------+-------+-------+-------+-------++-------
Melee: Club              |    42 |       |       |       |       ||    42
       Tailslap          |    10 |    16 |    68 |   192 |   124 ||   410
       Short sword       |   121 |   100 |       |       |       ||   221
       Whip              |       |    24 |   364 |   676 |    28 ||  1092
       Spear             |       |       |       |   287 |   472 ||   759
       Rapier            |       |       |       |    14 |       ||    14
       Broad axe         |       |       |       |       |     4 ||     4
Throw: Dart              |     9 |    50 |    48 |    93 |     5 ||   205
       Stone             |     6 |    26 |    17 |       |       ||    49
       Boomerang         |       |       |    15 |       |       ||    15
 Cast: Vampiric Draining |       |       |       |       |     2 ||     2
Invok: Minor Destruction |       |       |       |       |     1 ||     1
 Abil: Breathe Steam     |       |       |    18 |     3 |       ||    21
Evoke: Wand              |     8 |     7 |       |    12 |    25 ||    52
  Use: Scroll            |       |     8 |    12 |     8 |     9 ||    37
       Potion            |       |       |       |     1 |     1 ||     2
 Stab: Sleeping          |     2 |     4 |     4 |    14 |    11 ||    35
       Distracted        |       |       |     1 |     4 |     2 ||     7
       Petrified         |       |       |       |       |     6 ||     6
       Petrifying        |       |       |       |       |     2 ||     2
       Confused          |       |       |       |       |     1 ||     1
Armor: Skin              |    63 |    55 |   126 |   174 |    72 ||   490
Dodge: Dodged            |   149 |    68 |   214 |   518 |   208 ||  1157
Block: Kite shield       |       |    43 |   217 |   571 |   461 ||  1292

Table legend: (Time is in decaauts)
 A = Elapsed time spent in this place.
 B = Non-inter-level travel time spent in this place.
 C = Inter-level travel time spent in this place.
 D = Time resting spent in this place.
 E = Time spent auto-exploring this place.
 F = Levels seen in this place.
 G = Mean time per level.
                   A        B        C        D        E       F      G
               +--------+--------+--------+--------+--------+-----+--------+
         Total |  22858 |  21954 |    904 |   3968 |  12425 |  18 | 1269.9 |
       Dungeon |  11998 |  11419 |    579 |   2545 |   6210 |  10 | 1199.8 |
        Temple |    205 |    182 |     23 |      0 |    181 |   1 |  205.0 |
          Lair |   9943 |   9641 |    302 |   1309 |   5676 |   6 | 1657.2 |
       Volcano |    709 |    709 |      0 |    114 |    357 |   1 |  709.0 |
               +--------+--------+--------+--------+--------+-----+--------+

Top non-repeatable levels by time:
  Lair:5: 2416 daAuts
  Lair:3: 2372 daAuts
     D:8: 1685 daAuts
  Lair:1: 1684 daAuts
     D:9: 1411 daAuts
  Lair:2: 1394 daAuts
     D:1: 1329 daAuts
     D:4: 1266 daAuts
     D:2: 1127 daAuts
     D:3: 1123 daAuts
     D:6: 1102 daAuts
  Lair:4: 1100 daAuts
     D:7: 1046 daAuts
  Lair:6: 977 daAuts
     D:5: 972 daAuts
